 Dungeon Crawl Stone Soup version 0.27-a0-242-ge0fc76b88b (webtiles) character file.

Game seed: 14386226790621399852

226 tsouns the Skirmisher (level 6, 0/57 HPs)
             Began as a Hill Orc Delver on Feb 2, 2021.
             Slain by a sky beast (3 damage)
             ... on level 5 of the Dungeon.
             The game lasted 00:03:17 (2339 turns).

tsouns the Skirmisher (Hill Orc Delver)             Turns: 2339, Time: 00:03:17

Health: 0/57       AC:  3    Str: 17    XL:     6   Next: 1%
Magic:  6/6        EV: 11    Int: 10    God:
Gold:   23         SH:  0    Dex: 12    Spells: 5/5 levels left

rFire    . . .     SeeInvis .   a - +0 hand axe
rCold    . . .     Faith    .   (no shield)
rNeg     . . .     Spirit   .   b - +0 leather armour
rPois    .         Reflect  .   (no helmet)
rElec    .         Harm     .   (no cloak)
rCorr    .         Rampage  .   (no gloves)
Will     .....                  (no boots)
Stlth    +.........             (no amulet)
HPRegen  0.19/turn              (no ring)
MPRegen  0.10/turn              (no ring)

@: confused, berserk cooldown, hasted and slowed
A: no striking features
a: no special abilities


You were on level 5 of the Dungeon.
You visited 1 branch of the dungeon, and saw 1 of its levels.
You also visited: Ossuary.

You collected 23 gold pieces.

Inventory:

Hand Weapons
 a - a +0 hand axe (weapon)
Armour
 b - a +0 leather armour (worn)
Wands
 g - a wand of digging (3)
Scrolls
 c - 2 scrolls of fog
 d - a scroll of magic mapping
 e - a scroll of fear
 i - a scroll of blinking {unknown}
 k - a scroll of teleportation {unknown}
Potions
 j - a potion of curing
 m - a potion of brilliance


   Skills:
 + Level 6.1 Fighting
 + Level 5.9 Axes
 - Level 1.5 Dodging
 - Level 4.1 Stealth


You had 5 spell levels left.
You didn't know any spells.
Your spell library was empty.

Dungeon Overview and Level Annotations

Branches:
Dungeon (5/15)            Ossuary (visited)
 Temple: D:4-7

Altars:


Message History

The sky beast is severely wounded.
The sky beast flickers out of sight!
Deactivating autopickup; reactivate with Ctrl-A.
Something hits you. Something shocks you.
* * * LOW HITPOINT WARNING * * *
Unknown command.
The orc wizard gestures at itself while chanting.
The orc wizard flickers and vanishes!
You are confused.
Something hits you.
* * * LOW HITPOINT WARNING * * *
Something shocks you.
* * * LOW HITPOINT WARNING * * *
Something hits you but does no damage.
You hit something. Something hits you.
* * * LOW HITPOINT WARNING * * *
Something shocks you.
* * * LOW HITPOINT WARNING * * *
Something hits you.
You die...

#.....# #.)...## ########
#######......#######......##
....†................####..# ###
.##########..######### ##.# #...
.## #....## #.##..# ..###
##.#..##########....# ....#
###.#..............### .<..#
#......@##########.#
....######.......## #.# #
............#.#...#########.#####
........#..#...#.......o..#.##...
#####.#.##........#######.Z....##
#.#..#.....#..### ##....#....
#.##.#.#..##....#....#######. #.$
.#.......##...### #.. ##.
.##...........# #.#


There were no monsters in sight!

Vanquished Creatures
  A centaur zombie (D:5)
  A worker ant (D:5)
  5 big kobold zombies (Ossuary)
  A mummy (Ossuary)
  An adder (D:5)
  A shadow imp (D:5)
  An ufetubus (D:5)
  5 spectral bats (Ossuary)
  7 gnoll zombies (Ossuary)
  A bat simulacrum (Ossuary)
  A frilled lizard (D:5)
  5 goblin simulacra (Ossuary)
  3 goblin zombies (Ossuary)
  7 hobgoblin zombies (Ossuary)
  2 kobold simulacra (Ossuary)
  3 kobold zombies (Ossuary)
  5 orc zombies (Ossuary)
  2 rat simulacra (Ossuary)
  3 spectral goblins (Ossuary)
  2 spectral kobolds (Ossuary)
  4 spectral rats (Ossuary)
61 creatures vanquished.

Notes
Turn   | Place    | Note
-------+----------+-------------------------------------------
     0 | D:5      | tsouns the Hill Orc Delver began the quest for the Orb.
     0 | D:5      | Reached XP level 1. HP: 19/19 MP: 1/1
     2 | D:5      | Found a sand-covered staircase.
    16 | Ossuary  | Entered an ossuary
   293 | Ossuary  | Reached skill level 4 in Fighting
   293 | Ossuary  | Reached XP level 2. HP: 27/27 MP: 2/2
   559 | Ossuary  | Reached XP level 3. HP: 18/34 MP: 3/3
   976 | Ossuary  | Reached XP level 4. HP: 17/41 MP: 4/4
  1235 | Ossuary  | Reached skill level 5 in Fighting
  1402 | Ossuary  | Reached skill level 5 in Axes
  1402 | Ossuary  | Reached XP level 5. HP: 38/48 MP: 5/5
  1896 | D:5      | Noticed a sky beast
  2178 | D:5      | Reached skill level 6 in Fighting
  2178 | D:5      | Reached XP level 6. HP: 44/57 MP: 6/6
  2290 | D:5      | Noticed a sky beast
  2339 | D:5      | Slain by a sky beast

Illustrated notes

Levels and vault maps discovered:
D:5:      layout_rooms, portal_sewer_entry_b, nicolae_ossuary_entry_ruins,
          minmay_manual_mandibuliform

Skill      XL: |  1  2  3  4  5 |
---------------+----------------+-----
Axes           | 3 4 5 |  5.9
Fighting       | 4 5 6 |  6.1
Dodging        | |  1.5
Stealth        | |  4.1

Action                   |  1- 3 |  4- 6 || total
-------------------------+-------+-------++-------
Melee: Hand axe          |   157 |   160 ||   317
  Use: Potion            |     1 |     2 ||     3
       Scroll            |       |     3 ||     3
 Stab: Sleeping          |     4 |     6 ||    10
Armor: Leather armour    |    63 |    24 ||    87
Dodge: Dodged            |    97 |    69 ||   166

Table legend: (Time is in decaauts)
 A = Elapsed time spent in this place.
 B = Non-inter-level travel time spent in this place.
 C = Inter-level travel time spent in this place.
 D = Time resting spent in this place.
 E = Time spent auto-exploring this place.
 F = Levels seen in this place.
 G = Mean time per level.
                   A        B        C        D        E       F      G
               +--------+--------+--------+--------+--------+-----+--------+
         Total |   2352 |   2352 |      0 |      0 |   1792 |   2 | 1176.0 |
       Dungeon |    516 |    516 |      0 |      0 |    389 |   1 |  516.0 |
       Ossuary |   1836 |   1836 |      0 |      0 |   1403 |   1 | 1836.0 |
               +--------+--------+--------+--------+--------+-----+--------+

Top non-repeatable levels by time:
 Ossuary: 1836 daAuts
     D:5: 516 daAuts
